 Dungeon Crawl Stone Soup version 0.30-a0-845-g7c6808c8ce (webtiles) character file.

Game seed: 17789383152419496212

161 demibob the Chopper (level 5, -1/41 HPs)
             Began as a Demonspawn Wanderer on Mar 3, 2023.
             Was a Follower of Kikubaaqudgha.
             Killed from afar by Natasha (9 damage)
             ... with a magic dart
             ... on level 2 of the Dungeon.
             The game lasted 00:02:30 (1445 turns).

demibob the Chopper (Demonspawn Wanderer)           Turns: 1445, Time: 00:02:30

Health: -1/41      AC:  7    Str: 18    XL:     5   Next: 18%
Magic:  5/5        EV:  9    Int: 12    God:    Kikubaaqudgha [*.....]
Gold:   72         SH:  0    Dex: 14    Spells: 4/4 levels left

rFire   . . .      SeeInvis .    a - +3 hand axe
rCold   . . .      Faith    .    (no shield)
rNeg    . . .      Spirit   .    c - +0 scale mail
rPois   .          Reflect  .    (no helmet)
rElec   .          Rampage  .    (no cloak)
rCorr   .                        h - +0 pair of gloves
Will    .....                    (no boots)
Stlth   ++                       (no amulet)
HPRegen 0.26/turn                (no ring)
MPRegen 0.09/turn                (no ring)

@: no status effects
A: thin skeletal structure 2
a: Renounce Religion, Unearth Wretches


You were on level 2 of the Dungeon.
You worshipped Kikubaaqudgha.
Kikubaaqudgha was aware of your devotion.
You visited 1 branch of the dungeon, and saw 2 of its levels.

You collected 72 gold pieces.


Innate Abilities, Weirdness & Mutations

You have a moderately thin skeletal structure. (Dex +4, Stealth++)


   Skills:
 - Level 3.0 Fighting
 + Level 6.5 Axes
 - Level 1.0 Armour
 - Level 1.0 Unarmed Combat


You had 4 spell levels left.
You didn't know any spells.
Your spell library contained the following spells:

 Spells                   Type           Power      Damage    Failure   Level
 Magic Dart               Conj           0%         1d3       73%         1
 Necrotise                Necr           0%         1d4       73%         1
 Cigotuvi's Dreadful Rot  Necr/Pois/Air  0%         N/A       86%         2
 Searing Ray              Conj           0%         2d4       86%         2
 Sublimation of Blood     Necr           0%         N/A       86%         2
 Vampiric Draining        Necr           0%         2d6       97%         3
 Fulminant Prism          Conj/Hex       0%         3d5       100%        4

Inventory:

Hand Weapons
 a - a +3 hand axe (weapon)
Armour
 c - a +0 scale mail (worn)
 h - a +0 pair of gloves (worn)
Scrolls
 d - a scroll of teleportation {@r2}
 e - a scroll of identify {unknown}
Potions
 b - a potion of attraction
 g - 2 potions of brilliance

Dungeon Overview and Level Annotations

Branches:
Dungeon (2/15)

Altars:
Kikubaaqudgha

Annotations:
D:2 Natasha

##### ######...#
#################.........
.........@h.........##...#
##############..###.##...#
.......#....†........
##...#####.##...#
#######..#.# #.##...#
#........#.# #.##...#
...###..#.#.#####.##...#
#.>....†.)).....w)..#
#.#.####.#####.##..##


You could see Natasha.


Message History

The crimson imp disappears in a puff of smoke!
You have reached level 5!
Your demonic ancestry asserts itself...
Your bones become somewhat less dense.
You start resting.
A dart slug comes into view.
e - a scroll labelled INODOLLEOP You see here a +0 dagger.
You start resting.
Natasha, Servant of Life and Death comes into view.
You slash Natasha!
Natasha is heavily wounded.
Natasha claws you.
* * * LOW HITPOINT WARNING * * *
You closely miss Natasha.
Natasha is heavily wounded.
Natasha drinks a potion.
Natasha is healed!
You hit Natasha.
Natasha is lightly wounded.
Natasha claws you.
* * * LOW HITPOINT WARNING * * *
You hit Natasha.
Natasha is heavily wounded.
Natasha claws you but does no damage.
You hit Natasha.
Natasha is severely wounded.
Natasha casts a spell at you. The magic dart hits you!
You die...
Kikubaaqudgha rasps: "You have failed me!
Welcome... death!"

Skill      XL: |  1  2  3  4 |
---------------+-------------+-----
Axes           | 5 6 |  6.5
Fighting       | |  3.0
Armour         | |  1.0
Unarmed Combat | |  1.0

Action                     |  1- 3 |  4- 6 || total
---------------------------+-------+-------++-------
  Melee: Hand axe          |    62 |    77 ||   139
         Punch             |       |     1 ||     1
    Use: Potion            |     2 |       ||     2
         Scroll            |       |     3 ||     3
 Armour: Scale mail        |    32 |    29 ||    61
  Dodge: Dodged            |    23 |    17 ||    40

Levels and vault maps discovered:
D:1:      lightli_arrival_statue_moat, layout_basic
D:2:      layout_basic, basic_ecumenical_altar, chequers_mini_garden,
          minmay_cut_off, uniq_terence, uniq_natasha

Notes
Turn   | Place    | Note
-------+----------+-------------------------------------------
     0 | D:1      | demibob the Demonspawn Wanderer began the quest for the
                  | Orb.
     0 | D:1      | demibob set off with the following items: a +2 hand axe, a
                  | potion of attraction, a +0 scale mail, a scroll of
                  | teleportation {@r2}.
     0 | D:1      | Reached XP level 1. HP: 18/18 MP: 1/1
   262 | D:1      | Gained mutation: You have a somewhat thin skeletal
                  | structure. (Dex +2, Stealth+) [demonic ancestry]
   262 | D:1      | Reached XP level 2. HP: 18/24 MP: 2/2
   449 | D:1      | Reached skill level 5 in Axes
   985 | D:2      | Noticed Natasha
   992 | D:2      | Killed Natasha
   993 | D:2      | Reached XP level 3. HP: 22/29 MP: 3/3
  1108 | D:2      | Noticed Terence
  1113 | D:2      | Killed Terence
  1114 | D:2      | Reached XP level 4. HP: 33/35 MP: 4/4
  1176 | D:2      | Reached skill level 6 in Axes
  1293 | D:2      | Found a faded altar of an unknown god.
  1302 | D:2      | Prayed at the altar of an unknown god.
  1302 | D:2      | Became a worshipper of Kikubaaqudgha
  1302 | D:2      | Reached * piety under Kikubaaqudgha
  1302 | D:2      | Received a gift from Kikubaaqudgha
  1351 | D:2      | Noticed Natasha
  1413 | D:2      | HP: 3/35 [Natasha (5)]
  1414 | D:2      | Killed Natasha
  1415 | D:2      | Gained mutation: You have a moderately thin skeletal
                  | structure. (Dex +4, Stealth++) [demonic ancestry]
  1415 | D:2      | Reached XP level 5. HP: 4/41 MP: 5/5
  1435 | D:2      | Noticed Natasha
  1445 | D:2      | Killed from afar by Natasha

Vanquished Creatures
  Terence (D:2)
  An orc wizard (D:2)
  Natasha (twice) (D:2)
  An adder (D:2)
  3 orcs (D:2)
  4 ball pythons
  2 bats (D:1)
  8 endoplasms
  A giant cockroach (D:2)
  3 goblins
  4 hobgoblins
  7 kobolds
  2 quokkas
  A frilled lizard (D:1)
  5 rats
45 creatures vanquished.

Table legend: (Time is in decaauts)
 A = Elapsed time spent in this place.
 B = Non-inter-level travel time spent in this place.
 C = Inter-level travel time spent in this place.
 D = Time resting spent in this place.
 E = Time spent auto-exploring this place.
 F = Levels seen in this place.
 G = Mean time per level.
                   A        B        C        D        E       F      G
               +--------+--------+--------+--------+--------+-----+--------+
         Total |   1446 |   1409 |     37 |      9 |   1089 |   2 |  723.0 |
       Dungeon |   1446 |   1409 |     37 |      9 |   1089 |   2 |  723.0 |
               +--------+--------+--------+--------+--------+-----+--------+

Top non-repeatable levels by time:
     D:1: 937 daAuts
     D:2: 509 daAuts

Table legend:
 A = Non-vault XP
 B = Vault XP
 C = Vault XP percentage of total XP
 D = Non-vault monster count
 E = Vault monster count
 F = Vault count percentage of total count
                 A         B        C        D         E       F
            +---------+---------+-------+---------+---------+-------
      Total |     158 |      72 |  31.3 |      42 |       3 |   6.7
            +---------+---------+-------+---------+---------+-------
        D:1 |      34 |       0 |   0.0 |      19 |       0 |   0.0
        D:2 |     124 |      72 |  36.7 |      23 |       3 |  11.5
            +---------+---------+-------+---------+---------+-------
